 Dungeon Crawl Stone Soup version 0.27.1-33-g824d729ab1 (webtiles) character file.

Game seed: 12355130704814349409

296 SeanCanFly the Cudgeller (level 6, -2/56 HPs)
             Began as a Minotaur Monk on Nov 25, 2021.
             Slain by Pikel (3 damage)
             ... on level 4 of the Dungeon.
             The game lasted 00:09:04 (3681 turns).

SeanCanFly the Cudgeller (Minotaur Monk)            Turns: 3681, Time: 00:09:05

Health: -2/56      AC: 10    Str: 17    XL:     6   Next: 12%
Magic:  14/14      EV:  8    Int:  7    God:
Gold:   139        SH:  0    Dex: 13    Spells: 5/5 levels left

rFire    . . .     SeeInvis .   a - +1 mace
rCold    . . .     Faith    .   (no shield)
rNeg     . . .     Spirit   .   p - +1 chain mail
rPois    .         Reflect  .   (helmet restricted)
rElec    .         Harm     .   (no cloak)
rCorr    .         Rampage  .   (no gloves)
Will     .....                  (no boots)
Stlth    ..........             (no amulet)
HPRegen  0.18/turn              d - ring of magical power
MPRegen  0.14/turn              (no ring)

@: no status effects
A: horns 2, retaliatory headbutt
a: no special abilities


You were on level 4 of the Dungeon.
You visited 2 branches of the dungeon, and saw 5 of its levels.

You collected 139 gold pieces.

Inventory:

Hand Weapons
 a - a +1 mace (weapon)
Armour
 b - a +0 robe
 j - a +0 scale mail
 p - a +1 chain mail (worn)
Jewellery
 d - a ring of magical power (left hand)
Scrolls
 c - a scroll of identify
 i - a scroll of fear
 q - a scroll of teleportation {unknown}
Potions
 e - 2 potions of flight {unknown}
 f - a potion of curing {unknown}
 g - a potion of degeneration {unknown}
 h - a potion of resistance {unknown}
 n - a potion of haste {unknown}


   Skills:
 + Level 5.1 Fighting
 * Level 6.4 Maces & Flails
 + Level 3.4 Armour
 - Level 3.2 Dodging
 - Level 1.5 Stealth


You had 5 spell levels left.
You didn't know any spells.
Your spell library contained the following spells:

 Spells                   Type           Power      Damage    Failure   Level
 Animate Skeleton         Necr           0%         N/A       100%        1
 Apportation              Tloc           0%         N/A       100%        1
 Corona                   Hex            0%         N/A       100%        1
 Pain                     Necr           0%         1d4       100%        1
 Sandblast                Erth           0%         2d4       100%        1
 Summon Small Mammal      Summ           0%         N/A       100%        1
 Passwall                 Tmut/Erth      0%         N/A       100%        2
 Agony                    Necr           0%         N/A       100%        5
 Excruciating Wounds      Necr           0%         N/A       100%        5
 Lee's Rapid Deconstruct  Erth           0%         3d5*      100%        5


Dungeon Overview and Level Annotations

Branches:
Dungeon (4/15)             Temple (1/1) D:4

Altars:
Ashenzari
Cheibriados
Dithmenos
Elyvilon
Fedhas
Gozag
Hepliaklqana
Kikubaaqudgha
Makhleb
Qazlal
Ru
Vehumet
Wu Jian
Xom
Yredelemnul
Zin
The Shining One

Annotations:
D:4 Pikel


Innate Abilities, Weirdness & Mutations

You have a pair of horns on your head.
You reflexively headbutt those who attack you in melee.


Message History

Pikel is moderately wounded.
Pikel closely misses you.
You hit Pikel but do no damage. You headbutt Pikel, but do no damage.
Pikel is moderately wounded.
Pikel hits you but does no damage.
Your chain mail prevents you from hitting Pikel.
You headbutt Pikel.
Pikel is moderately wounded.
Pikel barely misses you. You furiously retaliate!
You headbutt Pikel, but do no damage. You closely miss Pikel.
Pikel is moderately wounded.
Pikel hits you but does no damage.
You hit Pikel but do no damage. You headbutt Pikel, but do no damage.
Pikel is moderately wounded.
Pikel hits you with a +1 whip of flaming.
* * * LOW HITPOINT WARNING * * *
Pikel burns you.
* * * LOW HITPOINT WARNING * * *
You hit Pikel.
Pikel is moderately wounded.
Pikel hits you but does no damage.
You closely miss Pikel. You headbutt Pikel, but do no damage.
Pikel is moderately wounded.
Pikel hits you with a +1 whip of flaming.
* * * LOW HITPOINT WARNING * * *
Pikel burns you.
* * * LOW HITPOINT WARNING * * *
You hit Pikel.
Pikel is heavily wounded.
Pikel hits you with a +1 whip of flaming.
* * * LOW HITPOINT WARNING * * *
Pikel burns you.
* * * LOW HITPOINT WARNING * * *
You hit Pikel but do no damage. You headbutt Pikel, but do no damage.
Pikel is heavily wounded.
Pikel hits you with a +1 whip of flaming!
* * * LOW HITPOINT WARNING * * *
Pikel burns you.
You die...

......................#
........).............#
.............###+###..#
.##...####.###.....#..#
,*###+####.###.⌠.⌠.#..#
,,,..........'..>..'..#
,,,..........#.⌠.⌠.#..#
,,,...########.....#..#
***..,*,,,,,*###@###..#
,,*+***,,...####K##'###
,,,,,,,,,......555.)..######
,,,,,,,,,.......5..K.......#
,,,,,,,,,...........5......###***
**,,,,,,,.....................,,,
,*,,,,,**#########............,,,
,*,,,,,*,,,,,,,,,#....#####...,,,
,*,,,,,*,,,,,,,,,#....# *>,.,,,


You could see Pikel and 4 lemures.

Vanquished Creatures
  A scorpion (D:4)
  A water moccasin skeleton (D:3)
  An iguana (D:4)
  7 adders
  An ufetubus (D:4)
  A worm (D:2)
  3 dart slugs
  2 orcs (D:3)
  7 bats
  6 endoplasms
  3 giant cockroaches
  4 hobgoblins
  4 kobolds
  5 quokkas
  13 ball pythons
  8 frilled lizards
  10 goblins
  8 rats
85 creatures vanquished.

Vanquished Creatures (others)
  A plant (D:1)
1 creature vanquished.

Grand Total: 86 creatures vanquished

Notes
Turn   | Place    | Note
-------+----------+-------------------------------------------
     0 | D:1      | SeanCanFly the Minotaur Monk began the quest for the Orb.
     0 | D:1      | Reached XP level 1. HP: 19/19 MP: 0/0
   277 | D:1      | Reached skill level 4 in Maces & Flails
   402 | D:1      | Reached XP level 2. HP: 27/27 MP: 1/1
   474 | D:1      | Reached skill level 1 in Armour
   865 | D:1      | Reached XP level 3. HP: 33/33 MP: 2/2
  1719 | D:2      | Reached XP level 4. HP: 40/40 MP: 3/3
  1724 | D:2      | Found a faded altar of an unknown god.
  1761 | D:2      | Reached skill level 5 in Maces & Flails
  2672 | D:3      | Reached XP level 5. HP: 45/47 MP: 4/4
  2898 | D:4      | Found a glowing silver altar of Zin.
  2900 | D:4      | Found an ancient bone altar of Kikubaaqudgha.
  3211 | D:4      | Reached skill level 6 in Maces & Flails
  3230 | D:4      | Reached skill level 5 in Fighting
  3343 | D:4      | Found a staircase to the Ecumenical Temple.
  3349 | Temple   | Entered the Ecumenical Temple
  3640 | D:4      | Reached XP level 6. HP: 56/56 MP: 5/5
  3649 | D:4      | Noticed Pikel
  3681 | D:4      | HP: 1/56 [Pikel (8)]
  3681 | D:4      | Slain by Pikel

Illustrated notes

Levels and vault maps discovered:
D:1:      psy_arrival_whirlpool, layout_loops_ring, serial_forest,
          infiniplex_forest_lined_4_way, infiniplex_forest_straight_5,
          infiniplex_forest_lined_2, infiniplex_forest_straight_2,
          infiniplex_forest_lined_room_2, infiniplex_forest_corner_1,
          infiniplex_forest_end_1, infiniplex_forest_clump_small,
          minmay_shallow_snake_nest
D:2:      layout_loops_ring, ebering_ecumenical_altar_rust
D:3:      layout_loops_ring
D:4:      minmay_thinvault, layout_gridville, grunt_temple_overflow_bloody_war,
          mainiacjoe_overflow_catwalk_spiral, lemuel_doored_altar,
          minmay_temple_entry_hall, uniq_pikel
Temple:   regret_index_temple_generic_petals

Skill      XL: |  1  2  3  4  5 |
---------------+----------------+-----
Maces & Flails | 4 5 6 |  6.4
Armour         | 1 2 3 |  3.4
Fighting       | 4 5 |  5.1
Dodging        | |  3.2
Stealth        | |  1.5

Action                   |  1- 3 |  4- 6 || total
-------------------------+-------+-------++-------
Melee: Mace              |    79 |   122 ||   201
       Headbutt          |     9 |    17 ||    26
  Use: Scroll            |     1 |     7 ||     8
 Stab: Sleeping          |     2 |       ||     2
Armor: Robe              |    12 |       ||    12
       Scale mail        |     7 |    32 ||    39
       Chain mail        |       |    39 ||    39
Dodge: Dodged            |    60 |    48 ||   108
